cohdb
Replays
Latest Replays
All Replays
Popular Replays
Top Player Replays
Match Explorer
How It Works
Community
CoH3 Stats
Reddit
Sign in to upload your games and track your stats! →
Sign in with Steam
Match 45457141
Unlisted
Match 45457141
Overview
Messages
Build Orders
End
Engineer Squad
Construct Barracks
Selects Heavy Weapons
Riflemen Squad
1⁄4-ton 4x4 Truck
Riflemen Squad
Infantry Support Center
M1 Mortar Team
Construct Weapon Support Center
Construct Medical Station
M3 Armored Personnel Carrier
M1919 Machine Gun Team
Selects M2HB .50cal Heavy Machine Gun
Grenade Package
Sniper
Bazooka Squad
Bazooka Squad
Demolitions Package
Selects Assault Carriers
Selects Exchangeable Parts
Improved M9 Bazooka Rockets
M3 Assault Carrier
Advanced Logistics
Selects M26 Pershing Heavy Tank
Selects M26 Pershing Heavy Tank
Selects Gallant Stand
M26 Pershing Heavy Tank
M1919 Machine Gun Team
M1918 Browning Automatic Rifles
KevinTDW
金丝猴
0
0
Comments
sign in to comment!
No comments posted yet!